Unix NetHack Version 5.0.0-0 post-release - last build Jun 10 2026 00:39:30 (3ee93aec679c4c4259841fe613dc97188e26a321,branch:main).

Game began 2026-06-19 12:34:14, ended 2026-06-19 12:46:28.

Drastanta, neutral male human Barbarian

                        ------
                     ----.--.-----
                    --...).).....--
                   --.............|
                   |..|*-).)......-
                   -----.)........
                      --..---..-
                    ---...| |-.|
                  .--<...-|--..|
                  .@......|...--
                  --.*........|
                   --.........-
                         ......
                         ......

Drastanta the Pillager     St:18/02 Dx:16 Co:18 In:7 Wi:8 Ch:6  Neutral
Dlvl:5  $:28 HP:0(51) Pw:7(7) AC:8  Xp:4 T:1564  Blind Deaf

Latest messages:
 You feel something move nearby.
 You feel something move nearby.
 You feel something move nearby.
 You feel something move nearby.
 You feel something move nearby.
 You feel something move nearby.
 You feel something move nearby.
 You feel something move nearby.
 You feel something move nearby.
 You feel something move nearby.
 You feel something move nearby.
 You finish your prayer.
 You feel that Crom is well-pleased.
 You feel much better.
 It bites!
 It bites!
 It bites!
 It bites!
 It bites!
 It bites!
 You miss it.
 It bites!
 It bites!
 It bites!
 It bites!
 It bites!
 You miss it.
 It just misses!
 It bites!
 It bites!
 It bites!
 It bites!
 You miss it.
 It bites!
 It bites!
 It bites!
 It bites!
 It bites!
 It bites!
 What do you want to read? [ijl or ?*] ?
 As you pronounce the formula on it, the scroll disappears.
 Call a scroll labeled FOOBIE BLETCH: 
 It just misses!
 It bites!
 You die...
 Do you want your possessions identified? [ynq] (y) y
 Do you want to see your attributes? [ynq] (y) y
 Do you want an account of creatures vanquished? [ynaq] (y) y
 Do you want to see your conduct and achievements? [ynq] (y) y
 Do you want to see the dungeon overview? [ynq] (y) y

Inventory:
 Coins    ('$')
  $ - 28 gold pieces
 Weapons  (')')
  a - a +1 battle-axe (weapon in hands)
  b - a blessed +0 short sword (alternate weapon; not wielded)
 Armor    ('[')
  c - a blessed rusty +0 ring mail (being worn)
 Comestibles  ('%')
  m - an uncursed apple
  k - an uncursed food ration
  h - a cursed food ration
  g - a cursed tripe ration
 Scrolls  ('?')
  i - an uncursed scroll of enchant armor
 Spellbooks  ('+')
  l - an uncursed spellbook of magic missile
 Rings    ('=')
  f - an uncursed ring of stealth
 Tools    ('(')
  n - an uncursed lock pick

Drastanta the Barbarian's attributes:

Background:
 You were a Pillager, a level 4 male human Barbarian.
 You were neutral, on a mission for Crom
 who was opposed by Mitra (lawful) and Set (chaotic).
 You were right-handed.
 You were in the Gnomish Mines, on level 5.
 You entered the dungeon 1564 turns ago.
 You had 100 experience points, 60 more were needed to attain level 5.

Basics:
 You had 0 out of 51 hit points.
 You had all 7 energy points (spell power).
 Your armor class was 8.
 Your wallet contained 28 zorkmids.
 Autopickup was on for '$' plus thrown.

Final Characteristics:
 Your strength was 18/02 (limit:18/100).
 Your dexterity was 16 (limit:18).
 Your constitution was 18 (limit:18).
 Your intelligence was 7 (limit:18).
 Your wisdom was 8 (limit:18).
 Your charisma was 6 (limit:18).

Final Status:
 You were temporarily blind.
 You were deaf.
 You weren't hungry.
 You were unencumbered.
 You were wielding an axe.
 You had basic skill with axe.

Final Attributes:
 You were devoutly aligned.
 You were poison resistant.
 You were warded.
 You are dead.

Miscellaneous:
 You didn't encounter any bones levels.
 Total elapsed playing time was 12 minutes and 13 seconds.

Major events:
 Turn
    1: Drastanta the neutral male human Barbarian entered the dungeon
  732: attained the rank of Pillager (level 3)
 1191: entered the Gnomish Mines
 1564: killed by a giant ant

You didn't know any spells.

Skills:
 Fighting Skills
   bare handed combat [Basic]
   two weapon combat  [Unskilled]
   riding             [Unskilled]
 Weapon Skills
   dagger             [Unskilled]
   axe                [Basic]
   pick-axe           [Unskilled]
   short sword        [Basic]
   broadsword         [Unskilled]
   long sword         [Unskilled]
   two-handed sword   [Unskilled]
   saber              [Unskilled]
   club               [Unskilled]
   mace               [Unskilled]
   morning star       [Unskilled]
   flail              [Unskilled]
   hammer             [Unskilled]
   quarterstaff       [Unskilled]
   spear              [Unskilled]
   trident            [Unskilled]
   bow                [Unskilled]
 Spellcasting Skills
   attack spells      [Unskilled]
   escape spells      [Unskilled]

Voluntary challenges:
 Character rerolling was not enabled.
 You followed a strict vegan diet.
 You never genocided any monsters.
 You never polymorphed an object.
 You never changed form.
 You used no wishes.
Achievements:
 You attained the rank of Pillager.
 You entered the Gnomish Mines.

 The Dungeons of Doom: levels 1 to 4
    Level 1:
       A fountain.
    Level 2:
       Some fountains.
    Level 3:
       Some fountains.
    Level 4:
       Stairs down to The Gnomish Mines.
 The Gnomish Mines:
    Level 5: <- You were here.
       Final resting place for
          you, killed by a giant ant.


Vanquished creatures:
  a gnome leader
  a kitten
 an orc zombie
 an acid blob
  2 coyotes
  a gas spore
  a large kobold
  a cave spider
  a brown mold
  a yellow mold
  6 gnomes
  3 geckos
  5 jackals
  a fox
  a kobold
  3 goblins
  4 sewer rats
  8 grid bugs
  3 lichens
  2 kobold zombies
  7 newts
54 creatures vanquished.

No species were genocided or became extinct.

Game over:
                       ----------
                      /          \
                     /    REST    \
                    /      IN      \
                   /     PEACE      \
                  /                  \
                  |    Drastanta     |
                  |      28 Au       |
                  |   killed by a    |
                  |    giant ant     |
                  |                  |
                  |                  |
                  |       2026       |
                 *|     *  *  *      | *
        _________)/\\_//(\/(/\)/\//\/|_)_______

Goodbye Drastanta the Barbarian...

You died in The Gnomish Mines on dungeon level 5 with 636 points,
and 28 pieces of gold, after 1564 moves.
You were level 4 with a maximum of 51 hit points when you died.

